 Dungeon Crawl Stone Soup version 0.22-a0-348-gd16d139 (webtiles) character file.

4013 Amnesiac the Thrower (level 10, -11/91 (92) HPs)
             Began as an Ogre Fighter on Apr 11, 2018.
             Was a Follower of Okawaru.
             Mangled by an orc warrior
             ... wielding a +0 trident
              (21 damage)
             ... on level 8 of the Dungeon.
             The game lasted 00:13:18 (9554 turns).

Amnesiac the Thrower (Ogre Fighter)                 Turns: 9554, Time: 00:13:18

HP:   -11/91 (92)   AC:  5    Str: 25    XL:     10   Next: 23%
MP:   19/19         EV:  8    Int:  9    God:    Okawaru [*.....]
Gold: 363           SH:  8    Dex:  8    Spells: 9/9 levels left

rFire    + . .     SeeInvis .   a - +2 hunting sling (flame)
rCold    + . .     Gourm    .   c - +0 shield
rNeg     . . .     Faith    .   x - +0 robe {rC+ rF+}
rPois    .         Spirit   .   s - +2 hat
rElec    .         Reflect  .   (no cloak)
rCorr    .         Harm     .   (gloves unavailable)
MR       ++...                  (boots unavailable)
Stlth    +.........             (no amulet)
HPRegen  0.25/turn              k - ring of protection from magic
MPRegen  0.16/turn              y - ring of magical power

@: no status effects
A: large, unfitting armour, tough skin 1
a: Heroism, Renounce Religion


You were on level 8 of the Dungeon.
You worshipped Okawaru.
Okawaru was aware of your devotion.
You were not hungry.

You visited 2 branches of the dungeon, and saw 9 of its levels.

You collected 402 gold pieces.
You spent 39 gold pieces at shops.

Inventory:

Hand Weapons
 a - a +2 hunting sling of flaming (weapon)
 b - a +0 long sword
Missiles
 e - 107 stones (quivered)
 m - 5 curare-tipped needles
 o - 28 poisoned needles
 r - 3 javelins
 z - 4 sling bullets
 D - 6 needles of sleeping
Armour
 c - a +0 shield (worn)
 s - a +2 hat (worn)
 x - a +0 robe of resistance (worn)
Jewellery
 k - a ring of protection from magic (left hand)
 y - a ring of magical power (right hand)
Wands
 v - a wand of flame (28)
 F - a wand of polymorph (17)
 H - a wand of paralysis (8)
Scrolls
 g - 2 scrolls of identify {!r}
 h - 2 scrolls of amnesia {!r}
 i - a scroll of fog {!r}
 j - 2 scrolls of remove curse {!r}
 l - 3 scrolls of enchant weapon {!r}
 p - 4 scrolls of teleportation {!r}
 t - a scroll of blinking {!r, unknown}
 w - a scroll of enchant armour {!r, unknown}
 E - a scroll of magic mapping {!r, unknown}
Potions
 d - a potion of might {!q}
 n - 3 potions of agility {!q, unknown}
 q - 2 potions of lignification {!q}
 u - a potion of degeneration {!q, unknown}
 A - a potion of brilliance {!q, unknown}
 B - a potion of magic {!q, unknown}
 C - 2 potions of curing {!q}
Comestibles
 f - 14 rations
 G - 6 chunks of flesh


   Skills:
 - Level 4.0 Fighting
 - Level 2.0 Long Blades
 + Level 13.8 Throwing
 - Level 2.6 Dodging
 - Level 2.6 Shields


You had 9 spell levels left.
You didn't know any spells.

Dungeon Overview and Level Annotations

Branches:
Dungeon (8/15)             Temple (1/1) D:7
   Lair: D:8-11

Altars:
Ashenzari
Cheibriados
Dithmenos
Elyvilon
Fedhas
Gozag
Hepliaklqana
Kikubaaqudgha
Makhleb
Nemelex Xobeh
Okawaru
Qazlal
Ru
Sif Muna
Trog
Uskayaw
Vehumet
Wu Jian
Xom
Yredelemnul
Zin
The Shining One

Shops:
D:7 [:!


Innate Abilities, Weirdness & Mutations

You are too large for most types of armour.
You have tough skin. (AC +1)


Message History

You shoot a stone.
The stone closely misses the orc warrior.
The stone barely misses the orc priest.
Firing (i - inventory. (/) - cycle)
e - 114 stones (quivered)
Press: ? - help, Shift-Dir - straight line, f/p - orc warrior
Aim: an orc warrior, wielding a trident and wearing a plate armour (moderately wounded)
You shoot a stone.
The stone hits the orc warrior but does no damage.
The orc warrior is moderately wounded.
The orc warrior hits you from afar with a trident!
* * * LOW HITPOINT WARNING * * *
Firing (i - inventory. (/) - cycle)
e - 113 stones (quivered)
Press: ? - help, Shift-Dir - straight line, f/p - orc warrior
Aim: an orc warrior, wielding a trident and wearing a plate armour (moderately wounded)
You shoot a stone. The stone hits the orc warrior.
The stone burns the orc warrior.
The orc warrior is heavily wounded.
The orc warrior hits you from afar with a trident!
* * * LOW HITPOINT WARNING * * *
Firing (i - inventory. (/) - cycle)
e - 112 stones (quivered)
Press: ? - help, Shift-Dir - straight line, f/p - orc warrior
Aim: an orc warrior, wielding a trident and wearing a plate armour (heavily wounded)
You shoot a stone. The stone hits the orc warrior!
The stone burns the orc warrior.
The orc warrior is almost dead.
The orc priest calls down the wrath of Beogh upon you.
Beogh smites you!
* * * LOW HITPOINT WARNING * * *
The orc warrior closely misses you.
You are too injured to fight recklessly!
You fail to use your ability.
The orc warrior closely misses you.
You are too injured to fight recklessly!
Unknown command.
Firing (i - inventory. (/) - cycle)
e - 111 stones (quivered)
Press: ? - help, Shift-Dir - straight line, f/p - orc warrior
Aim: an orc warrior, wielding a trident and wearing a plate armour (almost dead)
You shoot a stone.
The stone hits the orc warrior but does no damage.
The orc warrior is almost dead.
The orc warrior hits you from afar with a trident!
* * * LOW HITPOINT WARNING * * *
Unknown command.
Firing (i - inventory. (/) - cycle)
e - 110 stones (quivered)
Press: ? - help, Shift-Dir - straight line, f/p - orc warrior
Aim: an orc warrior, wielding a trident and wearing a plate armour (almost dead)
You shoot a stone.
The stone hits the orc warrior but does no damage.
The orc warrior is almost dead.
You block the orc warrior's attack.
Unknown command.
Firing (i - inventory. (/) - cycle)
e - 109 stones (quivered)
Press: ? - help, Shift-Dir - straight line, f/p - orc warrior
Aim: an orc warrior, wielding a trident and wearing a plate armour (almost dead)
You shoot a stone.
The stone barely misses the orc warrior.
Unknown command.
Firing (i - inventory. (/) - cycle)
e - 108 stones (quivered)
Press: ? - help, Shift-Dir - straight line, f/p - orc warrior
Aim: an orc warrior, wielding a trident and wearing a plate armour (almost dead)
You shoot a stone. The stone hits the orc warrior.
The stone burns the orc warrior.
The orc warrior is almost dead.
The orc warrior hits you from afar with a trident!!
You die...

#.# ...... #.# .....## #.#
##......# #.# ##........##
######.#########..........#
##((>...†((....o#..........#
#....$.(##.####.............
#.....o(##..#####..........#
#.....(.###@.# #...........
.....(.## ##.#####........##
...(..# #.oo.(..........#
...((. ######..........#
...((. #..........# ....(.
#..........# (....
#..........# ...........#.
#.#...(.......


You could see an orc warrior and an orc.

Vanquished Creatures
  A two-headed ogre (D:5)
  Grinder (D:6)
  Eustachio (D:4)
  A hungry ghost (D:7)
  2 orc warriors
  2 necrophages
  2 sky beasts
  A hornet zombie (D:7)
  A phantom (D:8)
  5 ogres
  An eye of draining (D:8)
  3 centaurs
  2 bullfrogs
  A scorpion (D:7)
  4 wights (D:7)
  A howler monkey (D:5)
  A quasit (D:6)
  4 orc priests
  6 hounds
  4 bullfrog skeletons
  2 orc wizards
  2 iguanas
  Natasha (twice) (D:2)
  4 worker ants
  2 hound zombies
  2 hound skeletons
  2 worker ant zombies (D:7)
  4 gnolls
  3 adders
  4 adder skeletons
  3 worms
  2 dart slugs
  3 leopard geckos
  21 orcs
  11 bats
  3 giant cockroaches
  8 goblins
  13 hobgoblins
  13 jackals
  5 quokkas
  A ball python (D:3)
  4 frilled lizards
  A jackal skeleton (D:8)
  7 kobolds
  A leopard gecko skeleton (D:5)
  A leopard gecko zombie (D:7)
  A quokka skeleton (D:7)
  11 rats
180 creatures vanquished.

Vanquished Creatures (others)
  Natasha (D:2)
1 creature vanquished.

Grand Total: 181 creatures vanquished

Notes
Turn   | Place    | Note
-------+----------+-------------------------------------------
     0 | D:1      | Amnesiac the Ogre Fighter began the quest for the Orb.
     0 | D:1      | Reached XP level 1. HP: 24/24 MP: 1/1
    54 | D:1      | Reached skill level 1 in Throwing
    54 | D:1      | Reached XP level 2. HP: 10/32 MP: 2/2
   334 | D:1      | Reached skill level 2 in Throwing
   511 | D:1      | Reached XP level 3. HP: 38/39 MP: 3/3
   782 | D:1      | Reached skill level 3 in Throwing
  1231 | D:2      | Noticed Natasha
  1246 | D:2      | Killed Natasha
  1246 | D:2      | Reached XP level 4. HP: 29/48 MP: 4/4
  1474 | D:2      | Noticed Natasha
  1485 | D:2      | Killed Natasha
  1485 | D:2      | Reached skill level 4 in Throwing
  1773 | D:2      | Noticed Natasha
  2011 | D:2      | Killed Natasha
  2011 | D:2      | Reached XP level 5. HP: 38/54 MP: 5/5
  2447 | D:3      | Reached skill level 5 in Throwing
  2959 | D:3      | Found a hide-covered altar of Uskayaw.
  3248 | D:3      | Reached XP level 6. HP: 47/62 MP: 6/6
  3499 | D:4      | Noticed Eustachio
  3515 | D:4      | Killed Eustachio
  3515 | D:4      | Reached skill level 6 in Throwing
  3550 | D:4      | Reached skill level 7 in Throwing
  3550 | D:4      | Reached XP level 7. HP: 32/70 MP: 7/7
  3649 | D:4      | Noticed Grinder
  3649 | D:4      | Paralysed by Grinder for 7 turns
  4293 | D:4      | Found a bloodstained altar of Trog.
  4293 | D:4      | Found a deep blue altar of Sif Muna.
  4409 | D:4      | Noticed a moth of wrath
  4411 | D:4      | Found a bloodstained altar of Trog.
  4647 | D:5      | Entered Level 5 of the Dungeon
  4709 | D:5      | Reached skill level 8 in Throwing
  4736 | D:5      | Noticed a two-headed ogre
  5364 | D:4      | Found a bloodstained altar of Trog.
  5364 | D:4      | Found a deep blue altar of Sif Muna.
  5440 | D:4      | Found a bloodstained altar of Trog.
  5618 | D:5      | Killed a two-headed ogre
  5618 | D:5      | Reached skill level 10 in Throwing
  5618 | D:5      | Reached XP level 8. HP: 10/78 MP: 8/8
  5917 | D:5      | Found a hazy altar of Hepliaklqana.
  6058 | D:5      | Found a shimmering altar of Xom.
  6058 | D:5      | Found a shimmering altar of Xom.
  6066 | D:5      | Found a shimmering altar of Xom.
  6066 | D:5      | Found a shimmering altar of Xom.
  6069 | D:5      | Found a shimmering altar of Xom.
  6083 | D:5      | Found a shimmering altar of Xom.
  6083 | D:5      | Found a shimmering altar of Xom.
  6113 | D:5      | Reached XP level 9. HP: 84/84 MP: 9/9
  6245 | D:5      | Reached skill level 11 in Throwing
  7420 | D:6      | Paralysed by Grinder for 3 turns
  7430 | D:6      | Killed Grinder
  7430 | D:6      | Reached skill level 12 in Throwing
  7446 | D:6      | Noticed a troll
  8057 | D:6      | HP: 4/84 [necrophage (4)]
  8528 | D:7      | Found Jouhees's Distillery.
  8531 | D:7      | Bought a potion of lignification for 39 gold pieces
  8566 | D:7      | Found Xolit's Book Boutique.
  8597 | D:7      | Found a staircase to the Ecumenical Temple.
  8737 | Temple   | Entered the Ecumenical Temple
  8751 | Temple   | Became a worshipper of Warmaster Okawaru
  8878 | D:7      | Reached skill level 13 in Throwing
  8954 | D:7      | Found Aweoffae's Antique Armour Shop.
  9041 | D:7      | Reached XP level 10. HP: 76/91 MP: 10/10
  9318 | D:7      | Found a radiant altar of Vehumet.
  9512 | D:8      | Reached * piety under Okawaru
  9554 | D:8      | Mangled by an orc warrior

Vault maps used:
D:1:      doesnt_arrival_eight_statues
D:2:      first_ration, guppyfry_early_orc_mine, uniq_natasha
D:3:      marbit_many_paths, st_stairs_1, minmay_misc_feat_nine_boxes
D:4:      chequers_temple_overflow_statue_of_worship, tgw_trog, uniq_eustachio,
          uniq_grinder
D:5:      nicolae_overflow_crystal_walls, xom_redecorated
D:7:      kennysheep_mini, lemuel_temple_firewalk_b, serial_shops,
          kennysheep_little_box, nicolae_shop_waterfront,
          nicolae_shop_behind_doors
D:8:      hangedman_ranch, uniq_grum
Temple:   lightli_temple_of_artemis

Skill      XL: |  1  2  3  4  5  6  7  8  9 |
---------------+----------------------------+-----
Throwing       | 1 2 3 4 5 7 10 13 | 13.8
Long Blades    | 2 |  2.0
Fighting       | |  4.0
Dodging        | |  2.6
Shields        | |  2.6

Action                   |  1- 3 |  4- 6 |  7- 9 | 10-12 || total
-------------------------+-------+-------+-------+-------++-------
Melee: Long sword        |   127 |   141 |       |       ||   268
 Fire: Hunting sling     |       |    74 |   392 |   110 ||   576
Throw: Javelin           |       |     8 |    11 |       ||    19
  Use: Scroll            |       |     6 |       |       ||     6
       Potion            |       |       |     2 |       ||     2
  Eat: Chunk             |     1 |     8 |    10 |     1 ||    20
       Ration            |       |       |     2 |       ||     2
Armor: Robe              |    33 |    53 |    49 |     3 ||   138
Dodge: Dodged            |    47 |    79 |    67 |    12 ||   205
Block: Shield            |    69 |    88 |   103 |    15 ||   275
       Rpst.: Long sword |    13 |    25 |       |       ||    38

Table legend:
 A = Spawn XP
 B = Non-spawn XP
 C = Spawn XP percentage of total XP
 D = Spawn monster count
 E = Non-spawn monster count
 F = Spawn count percentage of total count
 G = Total turns spent on level
                    A         B        C        D         E        F      G
               +---------+---------+-------+---------+---------+-------+---------
         Total |       0 |    5733 |   0.0 |       0 |     181 |   0.0 |  9554
               +---------+---------+-------+---------+---------+-------+---------
           D:1 |       0 |      55 |   0.0 |       0 |      25 |   0.0 |  1112
           D:2 |       0 |     188 |   0.0 |       0 |      29 |   0.0 |  1304
           D:3 |       0 |     160 |   0.0 |       0 |      31 |   0.0 |  1238
           D:4 |       0 |     447 |   0.0 |       0 |      19 |   0.0 |  1883
           D:5 |       0 |    1949 |   0.0 |       0 |      27 |   0.0 |  1814
           D:6 |       0 |     898 |   0.0 |       0 |      16 |   0.0 |  1016
           D:7 |       0 |    1458 |   0.0 |       0 |      25 |   0.0 |   982
           D:8 |       0 |     578 |   0.0 |       0 |       9 |   0.0 |   164
               +---------+---------+-------+---------+---------+-------+---------
